 Dungeon Crawl Stone Soup version 0.25-a0-294-gea9b1ad378 (webtiles) character file.

Game seed: 2126315328125069611, levelgen mode: deterministic

403 Error4North the Chopper (level 6, 0/53 HPs)
             Began as a Hill Orc Fighter on Dec 19, 2019.
             Killed from afar by an orc wizard (1 damage)
             ... with a puff of flame
             ... on level 4 of the Dungeon.
             The game lasted 00:14:33 (2790 turns).

Error4North the Chopper (Hill Orc Fighter)          Turns: 2790, Time: 00:14:35

Health: 0/53       AC: 13    Str: 22    XL:     6   Next: 86%
Magic:  8/8        EV:  4    Int:  9    God:
Gold:   199        SH: 10    Dex: 10    Spells: 7/7 levels left

rFire    . . .     SeeInvis .   a - +0 war axe
rCold    . . .     Gourm    .   c - +0 shield
rNeg     . . .     Faith    .   e - +0 plate armour
rPois    .         Spirit   .   y - +0 helmet
rElec    .         Reflect  .   (no cloak)
rCorr    .         Harm     .   (no gloves)
MR       .....                  (no boots)
Stlth    ..........             (no amulet)
HPRegen  0.17/turn              (no ring)
MPRegen  0.11/turn              (no ring)

@: lethally poisoned (0 -> -51)
A: high mp 1, strong 1
a: no special abilities


You were on level 4 of the Dungeon.
You were not hungry.

You visited 1 branch of the dungeon, and saw 4 of its levels.

You collected 199 gold pieces.

Inventory:

Hand Weapons
 a - a +0 war axe (weapon)
 p - a +0 hunting sling
 t - a +2 long sword of holy wrath
 C - a +2 spear of piercing
Missiles
 k - 147 stones (quivered)
Armour
 c - a +0 shield (worn)
 e - a +0 plate armour (worn)
 y - a +0 helmet (worn)
Jewellery
 i - a cursed -3 ring of dexterity {unknown}
 u - an uncursed ring of see invisible {unknown}
 w - a cursed ring of attention {unknown}
 B - an uncursed ring of positive energy {unknown}
Wands
 q - a wand of random effects (13)
Scrolls
 b - 2 scrolls of enchant armour {unknown}
 j - a scroll of teleportation {unknown}
 l - 2 scrolls of remove curse {unknown}
 m - 4 scrolls of identify {unknown}
 n - a scroll of fog {unknown}
 o - a scroll of blinking {unknown}
 s - a scroll of enchant weapon {unknown}
 v - a scroll of fear {unknown}
 x - a scroll of noise {unknown}
 z - 3 scrolls of magic mapping {unknown}
 A - a scroll of amnesia {unknown}
Potions
 g - 2 potions of cancellation
 h - 2 potions of heal wounds
Comestibles
 d - a chunk of flesh
 f - 9 rations


   Skills:
 + Level 4.3 Fighting
 + Level 5.5 Axes
 + Level 0.1 Slings
 * Level 4.6 Armour
 * Level 5.2 Shields
 * Level 1.3 Spellcasting


You had 7 spell levels left.
You didn't know any spells.
Your spell library was empty.

Dungeon Overview and Level Annotations

Branches:
Dungeon (4/15)
 Temple: D:4-7

Altars:

Annotations:
D:4 Edmund


Innate Abilities, Weirdness & Mutations

You have an increased reservoir of magic. (+10% MP)
Your muscles are strong. (Str +2)


Message History

The orc wizard hits you but does no damage.
You are more poisoned.
You feel less confused.
* * * LOW HITPOINT WARNING * * *
You feel very sick.
* * * LOW HITPOINT WARNING * * *
You feel very sick. The orc hits you but does no damage.
You block the orc wizard's attack.
* * * LOW HITPOINT WARNING * * *
You feel very sick. The orc hits you but does no damage.
The orc wizard hits you but does no damage.
You are more poisoned.
Your plate armour prevents you from hitting the orc.
You slash the orc wizard!
* * * LOW HITPOINT WARNING * * *
You feel very sick.
The orc wizard gestures at you while chanting.
The puff of flame hits you.
You die...

#. #.# #. #.##.# #.
#.##.# ###
#.##.##.######.#
###..............#
...[.........<.###
###.#..##o###...######
#))##.# #........#
#@o##.# #...####.#
##.o##.# ##### ##.#
#...##.# #######...
#.#.##.# #.....[.#.
#.#.##.# #.#####...
#.#.#..# ##.#
#.#.#.####.### #.#
#.#........... #.#
#.#.#.#######. #..


You could see an orc wizard and an orc.

Vanquished Creatures
  Eustachio (D:4)
  A hound (D:4)
  An orc wizard (D:4)
  4 gnolls (D:3)
  6 adders
  An ooze (D:3)
  An adder skeleton (D:4)
  2 worms (D:2)
  5 leopard geckos
  11 orcs
  4 giant cockroaches
  12 goblins
  11 hobgoblins
  A jackal (D:3)
  A quokka (D:3)
  2 ball pythons (D:3)
  12 bats
  4 frilled lizards
  A jackal skeleton (D:2)
  8 kobolds
  13 rats
102 creatures vanquished.

Notes
Turn   | Place    | Note
-------+----------+-------------------------------------------
     0 | D:1      | Error4North the Hill Orc Fighter began the quest for the
                  | Orb.
     0 | D:1      | Reached XP level 1. HP: 19/19 MP: 1/1
    54 | D:1      | Reached XP level 2. HP: 14/27 MP: 2/2
   832 | D:2      | Reached XP level 3. HP: 33/33 MP: 3/3
  1286 | D:2      | Reached XP level 4. HP: 38/40 MP: 4/4
  1710 | D:3      | Reached XP level 5. HP: 16/46 MP: 5/5
  2512 | D:4      | Noticed Eustachio
  2524 | D:4      | Killed Eustachio
  2524 | D:4      | Reached skill level 5 in Axes
  2524 | D:4      | Reached skill level 5 in Shields
  2524 | D:4      | Reached skill level 1 in Spellcasting
  2524 | D:4      | Reached XP level 6. HP: 42/52 MP: 7/7
  2582 | D:4      | Noticed Edmund
  2778 | D:4      | Gained mutation: You have an increased reservoir of magic.
                  | (+10% MP) [potion of mutation]
  2778 | D:4      | Gained mutation: Your muscles are strong. (Str +2) [potion
                  | of mutation]
  2790 | D:4      | HP: 1/53 [poisoned by an orc wizard]
  2790 | D:4      | Killed from afar by an orc wizard

Levels and vault maps discovered:
D:1:      wander_arrival_fairy_ring, layout_loops_ring
D:2:      layout_basic
D:3:      minmay_angry_zag, layout_basic, first_ration
D:4:      layout_loops_ring, kennysheep_vampire_church, gup_sewer_entry_bubbles,
          minmay_mini_jars, uniq_eustachio, uniq_menkaure, uniq_edmund

Skill      XL: |  1  2  3  4  5 |
---------------+----------------+-----
Axes           | 3 5 |  5.5
Armour         | 4 |  4.6
Fighting       | 4 |  4.3
Shields        | 4 5 |  5.2
Spellcasting   | 1 |  1.3
Slings         | |  0.1

Action                   |  1- 3 |  4- 6 || total
-------------------------+-------+-------++-------
Melee: War axe           |   159 |   185 ||   344
 Fire: Hunting sling     |       |     3 ||     3
Throw: Stone             |       |     1 ||     1
Evoke: Wand              |       |     1 ||     1
  Use: Potion            |       |     8 ||     8
  Eat: Chunk             |     2 |     5 ||     7
Armor: Scale mail        |    22 |       ||    22
       Plate armour      |    98 |   157 ||   255
Dodge: Dodged            |    26 |    49 ||    75
Block: Shield            |    89 |   120 ||   209

Table legend:
 A = Non-vault XP
 B = Vault XP
 C = Vault XP percentage of total XP
 D = Non-vault monster count
 E = Vault monster count
 F = Vault count percentage of total count
                 A         B        C        D         E       F
            +---------+---------+-------+---------+---------+-------
      Total |     366 |     210 |  36.5 |      93 |       9 |   8.8
            +---------+---------+-------+---------+---------+-------
        D:1 |      33 |       0 |   0.0 |      22 |       0 |   0.0
        D:2 |      79 |       0 |   0.0 |      25 |       0 |   0.0
        D:3 |     151 |      14 |   8.5 |      39 |       7 |  15.2
        D:4 |     103 |     196 |  65.6 |       7 |       2 |  22.2
            +---------+---------+-------+---------+---------+-------
